 Dungeon Crawl Stone Soup version 0.25.1-2-g60ff931df9 (console) character file.

Game seed: 119253017567822286

160 Colgate the Ruffian (level 5, 0/40 HPs)
             Began as a Draconian Transmuter on July 29, 2020.
             Slain by an orc wizard
             ... wielding a +0 dagger
              (2 damage)
             ... on level 3 of the Dungeon.
             The game lasted 00:33:45 (2440 turns).

Colgate the Ruffian (Draconian Transmuter)          Turns: 2440, Time: 00:33:46

Health: 0/40       AC:  5    Str: 13    XL:     5   Next: 17%
Magic:  8/8        EV: 12    Int: 20    God:
Gold:   85         SH:  0    Dex: 17    Spells: 5/8 levels left

rFire    . . .     SeeInvis .     - Unarmed
rCold    . . .     Gourm    .   (no shield)
rNeg     . . .     Faith    .   (armour unavailable)
rPois    .         Spirit   .   (helmet restricted)
rElec    .         Reflect  .   w - scarf {harm}
rCorr    .         Harm     +   (no gloves)
MR       .....                  (no boots)
Stlth    +.........             (no amulet)
HPRegen  0.13/turn              m - +6 ring of dexterity
MPRegen  0.11/turn              u - +6 ring of intelligence

@: confused, appendage (expiring)
A: unfitting armour, horns 2, cold-blooded, AC +5
a: End Transformation


You were on level 3 of the Dungeon.
You were not hungry.
You had grown temporary horns.
You visited 1 branch of the dungeon, and saw 3 of its levels.

You collected 85 gold pieces.

Inventory:

Hand Weapons
 t - a +0 hunting sling
Missiles
 a - 24 arrows
 b - 48 stones
 s - a throwing net (quivered)
Armour
 w - a scarf of harm (worn)
Jewellery
 m - a +6 ring of dexterity (left hand)
 u - a +6 ring of intelligence (right hand)
Wands
 n - a wand of flame (17)
Scrolls
 f - a scroll of blinking {unknown}
 h - 2 scrolls of fog
 j - a scroll of remove curse {unknown}
 k - a scroll of identify
 o - a scroll of immolation {unknown}
 q - a scroll of teleportation {unknown}
 r - 2 scrolls of magic mapping
Potions
 e - 2 potions of mutation
 g - a potion of heal wounds {unknown}
 i - a potion of brilliance {unknown}
 l - a potion of degeneration {unknown}
 p - a potion of resistance {unknown}
Comestibles
 c - 6 rations
 d - 2 chunks of flesh


   Skills:
 - Level 1.1 Fighting
 - Level 1.7 Dodging
 + Level 5.9 Unarmed Combat
 - Level 2.0 Spellcasting
 - Level 2.0 Transmutations


You had 5 spell levels left.
You knew the following spells:

 Your Spells              Type           Power        Failure   Level  Hunger
a - Beastly Appendage     Tmut           ##....       7%          1    #......
b - Sticks to Snakes      Tmut           ##......     11%         2    ##.....

Your spell library contained the following spells:

 Spells                   Type           Power        Failure   Level  Hunger
 Spider Form              Tmut/Pois      #.........   30%         3    ###....
 Ice Form                 Ice/Tmut       #.......     71%         4    #####..
 Blade Hands              Tmut           ##........   88%         5    ######.


Dungeon Overview and Level Annotations

Branches:
Dungeon (3/15)

Altars:


Innate Abilities, Weirdness & Mutations

Your plain brown scales are hard. (AC +5)
You cannot fit into any form of body armour.
You are cold-blooded and may be slowed by cold attacks.
You have a pair of horns on your head.


Message History

Something hits you but does no damage.
You hit the rat. You tail-slap the rat.
You kill the rat!
You hear some strange, mumbled words.
You are confused.
Your transformation is almost over.
The ball python bites you but does no damage.
The ball python completely misses you.
You see here a rat corpse.
Something hits you.
* * * LOW HITPOINT WARNING * * *
The ball python barely misses you. The ball python closely misses you.
You hit the rat.
You kill the rat!
Something hits you but does no damage.
The ball python completely misses you. x2
You completely miss something.
You feel less ready to backstab. Something hits you but does no damage.
The ball python closely misses you. x2
You miss the ball python.
Your tail-slap misses the ball python.
Something hits you.
You die...

****######
*≈≈≈#≈≈≈.#
*≈∩≈#≈≈..#
*≈≈≈+≈...#
*+###≈≈..#
*≈≈≈≈≈≈..##
###**********
*≈≈..≈..S.#
#..,,,,,,,,,*
*.≈≈...r†@#
#.#********,**
*......†{.# #.#
*,,,,,,,
*#.######÷###.#
*,******
*........)...#
#.#
*###########.#
###.# #.# #.$.#
#.# #.#.# #.#
#.#.# #{#
#.#.######
#o###?#.......
#...........##


You could see a ball python and a rat.

Vanquished Creatures
  Natasha (D:3)
  Robin (D:2)
  A gnoll (D:1)
  An ooze (D:2)
  2 worms
  4 dart slugs
  A leopard gecko (D:1)
  6 orcs
  3 bats
  2 giant cockroaches (D:2)
  7 goblins
  5 hobgoblins
  6 jackals (D:1)
  A quokka (D:3)
  A frilled lizard (D:3)
  A jackal skeleton (D:2)
  4 kobolds
  9 rats
56 creatures vanquished.

Vanquished Creatures (collateral kills)
  An orc priest (D:2)
  Terence (D:3)
  An orc (D:2)
  2 goblins (D:2)
5 creatures vanquished.

Vanquished Creatures (others)
  A goblin (D:2)
1 creature vanquished.

Grand Total: 62 creatures vanquished

Notes
Turn   | Place    | Note
-------+----------+-------------------------------------------
     0 | D:1      | Colgate the Draconian Transmuter began the quest for the
                  | Orb.
     0 | D:1      | Reached XP level 1. HP: 16/16 MP: 3/3
   353 | D:1      | Reached XP level 2. HP: 23/23 MP: 3/5
   381 | D:1      | Learned a level 2 spell: Sticks to Snakes
   521 | D:1      | Reached skill level 4 in Unarmed Combat
   915 | D:1      | Reached XP level 3. HP: 18/28 MP: 3/6
  1398 | D:2      | Noticed Robin
  1462 | D:2      | Killed Robin
  1787 | D:2      | Reached XP level 4. HP: 35/35 MP: 7/7
  1813 | D:2      | Reached skill level 5 in Unarmed Combat
  2303 | D:3      | Noticed Terence
  2313 | D:3      | Killed Terence
  2321 | D:3      | Noticed Natasha
  2370 | D:3      | Killed Natasha
  2370 | D:3      | Reached XP level 5. HP: 16/40 MP: 5/8
  2396 | D:3      | Noticed a centaur
  2413 | D:3      | HP: 1/40 [orc (4)]
  2423 | D:3      | HP: 1/40 [orc (1)]
  2437 | D:3      | HP: 2/40 [something (1)]
  2440 | D:3      | Slain by an orc wizard

Illustrated notes

Levels and vault maps discovered:
D:1:      dpeg_arrival_stone_temple_mockup, layout_basic,
          chequers_serial_rivers_marsh, serial_bayou_pond_c, minmay_cut_off
D:2:      layout_basic, uniq_robin
D:3:      layout_loops_ring, lemuel_doored_altar, gammafunk_ghost_grave,
          portal_sewer_entry_e, first_ration, uniq_natasha, uniq_terence

Skill      XL: |  1  2  3  4 |
---------------+-------------+-----
Unarmed Combat | 4 5 |  5.9
Fighting       | |  1.1
Dodging        | |  1.7
Spellcasting   | |  2.0
Transmutations | |  2.0

Action                   |  1- 3 |  4- 6 || total
-------------------------+-------+-------++-------
Melee: Unarmed           |    91 |    36 ||   127
       Kick              |    10 |     4 ||    14
       Tailslap          |    18 |     5 ||    23
       Headbutt          |     9 |     1 ||    10
       Punch             |     3 |     1 ||     4
 Fire: Hunting sling     |       |    29 ||    29
Throw: Stone             |    15 |       ||    15
       Throwing net      |     1 |       ||     1
 Cast: Beastly Appendage |    12 |     3 ||    15
       Sticks to Snakes  |     3 |     7 ||    10
  Use: Scroll            |       |     3 ||     3
       Potion            |       |     1 ||     1
 Stab: Held in net/web   |     1 |       ||     1
       Sleeping          |       |     1 ||     1
  Eat: Chunk             |     2 |     4 ||     6
Armor: Skin              |    35 |    14 ||    49
Dodge: Dodged            |    61 |    31 ||    92
